Map: Ulrena

Players

EDDYLOUVA

  • Race: Terran Terran
  • League: Silver
  • Spawn Location: 11:00

Fropez - Winner!

  • Race: Protoss Protoss
  • League: Silver
  • Spawn Location: 7:00

VOD

Have the link to the VOD?

Description

Time

  • Played on: July 11, 2016, 3:07 p.m.
  • Length: 8:06
Show
View Real Time Build Order
Export as new Build Order

EDDYLOUVA Terran 

Build Orders:  

Get SALT Encoding   

  12  0:03  SCV  
  13  0:15  SCV  
  14  0:28  SCV  
  15  0:45  Supply Depot  
  15  0:48  Supply Depot  
  15  1:07  SCV  
  16  1:13  Barracks  
  16  1:15  Barracks  
  16  1:19  SCV  
  16  1:21  Refinery  
  16  1:25  Refinery  
  17  1:30  Barracks  
  17  1:31  SCV  
  18  1:43  SCV  
  19  1:55  SCV  
  20  2:02  Barracks  
  20  2:07  SCV  
  21  2:18  Marine  
  21  2:19  Factory  
  22  2:36  SCV  
  23  2:46  Barracks Reactor x2  
  23  2:47  Marine  
  23  2:48  SCV  
  25  2:52  Barracks Tech Lab  
  25  3:00  SCV  
  26  3:12  SCV  
  27  3:13  Marine  
  27  3:16  Marauder  
  28  3:23  Marine  
  28  3:24  SCV  
  28  3:27  Marine  
  27  3:36  SCV  
  26  3:46  Marine x3  
  28  3:48  SCV  
  28  3:57  Marine  
  28  3:58  Marine  
  28  4:00  SCV  
  28  4:04  Marine  
  27  4:10  Marauder  
  27  4:12  SCV  
  27  4:16  Marine  
  27  4:27  SCV  
  29  4:39  SCV  
  29  4:40  Barracks Tech Lab  
  29  4:44  Starport  
  29  4:46  Combat Shields  
  29  4:58  Supply Depot x2  
  29  5:02  Supply Depot  
  29  5:15  Marauder  
  29  5:20  Marauder  
  33  5:30  Starport Reactor  
  33  5:39  Marine x2  
  33  5:40  Marine x2  
  37  5:46  Marauder  
  39  6:08  Marauder  
  39  6:10  Marine x2  
  39  6:11  Marine x2  
  44  6:13  Marauder  
  47  6:28  Marine x2  
  49  6:33  Marine, Marauder  
  49  6:34  Marine  
  53  6:41  Medivac  
  55  6:58  Supply Depot  
  55  7:19  Supply Depot, Widow Mine  
  55  7:20  Supply Depot, Medivac x2  
  63  7:37  Marauder  
Show
View Real Time Build Order
Export as new Build Order

Fropez Protoss - Winner!

Build Orders:  

Get SALT Encoding   

  12  0:01  Probe (Chrono Boost)  
  13  0:15  Pylon  
  13  0:18  Probe (Chrono Boost)  
  14  0:30  Probe (Chrono Boost)  
  15  0:38  Gateway  
  15  0:41  Probe (Chrono Boost)  
  16  0:52  Probe (Chrono Boost)  
  16  0:55  Pylon  
  17  0:59  Assimilator  
  17  1:04  Probe (Chrono Boost)  
  18  1:19  Probe (Chrono Boost)  
  18  1:25  Gateway  
  19  1:30  Cybernetics Core  
  19  1:33  Probe (Chrono Boost)  
  20  1:40  Assimilator  
  20  1:44  Probe (Chrono Boost)  
  21  1:54  Probe (Chrono Boost)  
  22  2:06  Warp Gate (Chrono Boost)  
  22  2:15  Adept (Chrono Boost)  
  26  2:18  Adept (Chrono Boost)  
  26  2:43  Adept x2 (Chrono Boost)  
  30  2:50  Nexus  
  29  2:53  Probe  
  30  3:01  Pylon  
  26  4:01  Gateway  
  26  4:03  Probe  
  26  4:05  Gateway  
  26  4:06  Probe  
  26  4:08  Forge  
  28  4:10  Twilight Council  
  28  4:15  Adept  
  28  4:16  Adept  
  28  4:33  Probe  
  28  4:34  Probe  
  30  4:46  Protoss Ground Weapons Level 1  
  30  4:48  Photon Cannon  
  30  4:50  Pylon, Probe  
  30  4:52  Adept x2  
  35  5:00  Resonating Glaives (Chrono Boost)  
  35  5:13  Adept x3  
  41  5:14  Adept  
  43  5:36  Probe  
  43  5:39  Pylon  
  43  5:41  Probe  
  43  5:42  Photon Cannon  
  45  6:19  Adept x4  
  53  6:27  Probe x2  
  55  6:33  Assimilator  
  55  6:36  Assimilator  
  55  6:39  Probe  
  56  6:40  Pylon  
  56  6:43  Pylon  
  56  6:48  Adept x2  
  56  6:49  Adept x2  
  64  7:02  Gateway  
  64  7:04  Pylon, Gateway  
  64  7:09  Adept x2  
  64  7:10  Adept  
  64  7:12  Adept  
  72  7:27  Probe  
  72  7:28  Probe  
Tags
 
Matchup
PvT
Replay Pack
All Mines
Spawn Locations
Close Positions
Add a new tag
Caveats
  • Supply blocks, unpowered buildings, or Contaminate may cause inaccurate times.
  • Supply counts are checked every 10 seconds.